 Dungeon Crawl Stone Soup version 0.21.1-1-g345015fe64 (webtiles) character file.

4570 Norri the Carver (level 10, -2/94 HPs)
             Began as a Minotaur Gladiator on Mar 15, 2018.
             Was a Priest of Okawaru.
             Slain by a killer bee (8 damage)
             ... on level 10 of the Dungeon.
             The game lasted 01:12:17 (10274 turns).

Norri the Carver (Minotaur Gladiator)              Turns: 10274, Time: 01:12:18

Health: -2/94      AC:  7    Str: 19    XL:     10   Next: 18%
Magic:  7/9        EV:  9    Int:  8    God:    Okawaru [***...]
Gold:   514        SH:  0    Dex: 12    Spells: 9/9 levels left

rFire    . . .     SeeInvis .   C - +2 scimitar
rCold    . . .     Gourm    .   (no shield)
rNeg     . . .     Faith    .   m - +0 scale mail
rPois    .         Spirit   .   c - +0 hat
rElec    .         Reflect  .   (no cloak)
rCorr    .         Harm     .   B - +0 pair of gloves of Hedge Wizardry {Stlth+}
MR       .....                  (no boots)
Stlth    +.........             (no amulet)
HPRegen  0.25/turn              (no ring)
MPRegen  0.11/turn              (no ring)

@: heroism, extremely drained
A: retaliatory headbutt, horns 2
a: Heroism, Renounce Religion


You were on level 10 of the Dungeon.
You worshipped Okawaru.
Okawaru was most pleased with you.
You were not hungry.

You visited 2 branches of the dungeon, and saw 11 of its levels.

You collected 514 gold pieces.

Inventory:

Hand Weapons
 C - a +2 scimitar (weapon)
Missiles
 d - 5 throwing nets
 j - 185 stones (quivered)
 x - 17 tomahawks
Armour
 c - a +0 hat (worn)
 m - a +0 scale mail (worn)
 B - the +0 pair of gloves of Hedge Wizardry (worn) {Stlth+}
   (You found it on level 5 of the Dungeon)

   It makes you more stealthy.
Jewellery
 p - an uncursed amulet of faith {unknown}
 q - an uncursed ring of flight {unknown}
Wands
 b - a wand of paralysis (8)
 e - a wand of polymorph (5)
 t - a wand of disintegration (15)
 y - a wand of scattershot (5)
 A - a wand of random effects (22)
 D - a wand of flame (72)
Scrolls
 h - 3 scrolls of amnesia
 i - 6 scrolls of remove curse
 l - 3 scrolls of fog {unknown}
 n - a scroll of fear {unknown}
 o - a scroll of identify
 v - a scroll of blinking {unknown}
 w - a scroll of enchant armour {unknown}
Potions
 a - a potion of berserk rage {unknown}
 g - a potion of heal wounds {unknown}
 k - 3 potions of flight
 r - a potion of invisibility {unknown}
 s - 2 potions of curing
 u - 2 potions of agility {unknown}
 z - 2 potions of haste
Books
 E - a book of Geomancy

   Spells                             Type                      Level
   a - Sandblast                      Earth                        1
   b - Passwall                       Transmutation/Earth          2
   c - Stone Arrow                    Conjuration/Earth            3
   d - Petrify                        Transmutation/Earth          4
   e - Lee's Rapid Deconstruction     Earth                        5
 F - a book of Necromancy

   Spells                             Type                      Level
   a - Pain                           Necromancy                   1
   b - Animate Skeleton               Necromancy                   1
   c - Vampiric Draining              Necromancy                   3
   d - Regeneration                   Charms/Necromancy            3
   e - Animate Dead                   Necromancy                   4
   f - Borgnjor's Vile Clutch         Necromancy/Earth             5
Comestibles
 f - 18 rations


   Skills:
 - Level 10.4(3.6) Fighting
 + Level 11.7(4.6) Long Blades
 - Level 2.0(0.0) Throwing
 - Level 9.1(2.6) Armour
 - Level 3.2(0.0) Dodging


You had 9 spell levels left.
You didn't know any spells.

Dungeon Overview and Level Annotations

Branches:
Dungeon (10/15)            Temple (1/1) D:6            Lair (0/6) D:8
    Orc: D:9-12

Altars:
Ashenzari
Cheibriados
Dithmenos
Elyvilon
Fedhas
Hepliaklqana
Kikubaaqudgha
Makhleb
Nemelex Xobeh
Okawaru
Qazlal
Ru
Sif Muna
Trog
Uskayaw
Vehumet
Wu Jian
Xom
Yredelemnul
Zin
The Shining One

Annotations:
D:9 jomper's ghost, novice TrFi


Innate Abilities, Weirdness & Mutations

You reflexively headbutt those who attack you in melee.
You have a pair of horns on your head.


Message History

* * * LOW HITPOINT WARNING * * *
You're too hungry.
Unknown command.
You eat one of the 19 rations.
That ration really hit the spot!
You feel sick. The killer bee barely misses you.
You riposte.
You miss the killer bee. The killer bee stings you.
* * * LOW HITPOINT WARNING * * *
The killer bee stings you but does no damage. x2
The killer bee stings you.
* * * LOW HITPOINT WARNING * * *
The killer bee stings you but does no damage.
You feel better. The killer bee closely misses you. The killer bee stings you.
* * * LOW HITPOINT WARNING * * *
The killer bee stings you but does no damage.
The killer bee completely misses you.
The killer bee stings you but does no damage. x2
You gain the combat prowess of a mighty hero.
The killer bee barely misses you.
You riposte.
You barely miss the killer bee. The killer bee stings you!
You die...

###############
#.............
#...........#
#.....y.....#
#....y@.....#
#....y......##
#............#
#.)..).......#
#............#
#......####†##
#.#....# ...
#.#....# .....
#.... .......


You could see 3 killer bees.

Vanquished Creatures
  The ghost of ajx the Ruffian, a novice TrFi of Okawaru (D:7)
  A hippogriff (D:7)
  The ghost of supermoro the Sneak, an amateur KoEn (D:4)
  A wyvern (D:8)
  Menkaure (D:4)
  Edmund (D:4)
  3 porcupines (D:8)
  3 sky beasts
  An ice beast (D:5)
  3 black bears
  A phantom (D:8)
  A hornet zombie (D:7)
  An ogre (D:7)
  3 centaurs
  A crocodile (D:8)
  6 bullfrogs
  2 scorpions
  2 killer bees (D:10)
  7 wights
  3 crimson imps
  3 hounds
  An iron imp (D:4)
  An orc priest (D:4)
  5 orc wizards
  3 bullfrog skeletons
  Ijyb (D:4)
  An iguana (D:4)
  6 worker ants
  A hound zombie (D:9)
  A hound skeleton (D:8)
  A howler monkey zombie (D:3)
  8 gnolls
  8 adders
  2 oozes
  An adder zombie (D:9)
  3 adder skeletons
  2 worms
  4 leopard geckos
  28 orcs
  A giant cockroach (D:1)
  4 goblins
  5 hobgoblins
  13 jackals
  6 kobolds
  3 quokkas
  2 ball pythons
  5 bats
  7 frilled lizards
  4 rats
173 creatures vanquished.

Vanquished Creatures (others)
  23 fungi (D:8)
  3 plants (D:8)
26 creatures vanquished.

Grand Total: 199 creatures vanquished

Notes
Turn   | Place    | Note
-------+----------+-------------------------------------------
     0 | D:1      | Norri the Minotaur Gladiator began the quest for the Orb.
     0 | D:1      | Reached XP level 1. HP: 18/18 MP: 0/0
   406 | D:1      | Reached XP level 2. HP: 22/26 MP: 1/1
   610 | D:2      | Reached XP level 3. HP: 29/34 MP: 2/2
  1218 | D:2      | Reached skill level 5 in Fighting
  1344 | D:3      | Reached XP level 4. HP: 38/42 MP: 3/3
  1880 | D:3      | Reached XP level 5. HP: 13/51 MP: 4/4
  2446 | D:4      | Noticed Menkaure
  2456 | D:4      | Killed Menkaure
  2456 | D:4      | Reached XP level 6. HP: 48/61 MP: 5/5
  2544 | D:4      | Noticed Grinder
  2562 | D:4      | Noticed supermoro's ghost (amateur KoEn)
  2585 | D:4      | Killed supermoro's ghost
  2585 | D:4      | Reached XP level 7. HP: 53/70 MP: 6/6
  2795 | D:4      | Noticed Ijyb
  2805 | D:4      | Killed Ijyb
  2859 | D:4      | Paralysed by Grinder for 4 turns
  2864 | D:4      | Noticed Grinder
  2864 | D:4      | Grinder changed into Grinder the iron imp
  2869 | D:4      | Killed Grinder the iron imp
  3131 | D:4      | Found a sacrificial altar of Ru.
  3131 | D:4      | Found an ancient bone altar of Kikubaaqudgha.
  3131 | D:4      | Found a bloodstained altar of Trog.
  3179 | D:4      | Noticed Edmund
  3193 | D:4      | Killed Edmund
  3193 | D:4      | Reached skill level 10 in Fighting
  3788 | D:5      | Entered Level 5 of the Dungeon
  3887 | D:5      | Reached skill level 1 in Armour
  4146 | D:5      | Reached XP level 8. HP: 34/80 MP: 7/7
  4412 | D:5      | Got a pair of shimmering gloves
  4418 | D:5      | Identified the +0 pair of gloves of Hedge Wizardry {Stlth+} (You found it on level 5 of the Dungeon)
  4425 | D:5      | Found a sparkling altar of Nemelex Xobeh.
  4684 | D:6      | Reached skill level 5 in Armour
  5019 | D:6      | Found a blossoming altar of Fedhas.
  5021 | D:6      | Found a snail-covered altar of Cheibriados.
  5434 | D:6      | Found a staircase to the Ecumenical Temple.
  5503 | Temple   | Entered the Ecumenical Temple
  5565 | Temple   | Became a worshipper of Warmaster Okawaru
  5724 | D:7      | Noticed a hippogriff
  5731 | D:7      | Killed a hippogriff
  5781 | D:7      | Noticed ajx's ghost (novice TrFi)
  6343 | D:7      | Killed ajx's ghost
  6343 | D:7      | Reached * piety under Okawaru
  6343 | D:7      | Reached skill level 6 in Long Blades
  6343 | D:7      | Reached XP level 9. HP: 40/86 MP: 8/8
  6671 | D:7      | Reached skill level 7 in Long Blades
  6688 | D:7      | Reached ** piety under Okawaru
  6999 | D:7      | Found a radiant altar of Vehumet.
  7072 | D:8      | Reached skill level 8 in Long Blades
  7262 | D:8      | Reached skill level 9 in Long Blades
  7304 | D:8      | Reached skill level 10 in Long Blades
  7351 | D:8      | Reached *** piety under Okawaru
  7430 | D:8      | Reached XP level 10. HP: 71/94 MP: 9/9
  7470 | D:8      | Found a staircase to the Lair.
  7487 | D:8      | Reached skill level 11 in Long Blades
  8009 | D:8      | Found an ornate altar of the Wu Jian Council.
  8461 | D:9      | Noticed jomper's ghost (novice TrFi)
 10249 | D:10     | Entered Level 10 of the Dungeon
 10272 | D:10     | HP: 3/94 [killer bee (5)]
 10274 | D:10     | Slain by a killer bee

Skill      XL: |  1  2  3  4  5  6  7  8  9 10 |
---------------+-------------------------------+-----
Fighting       | 3 4 5 6 8 9 10 | 10.4
Armour         | 4 9 |  9.1
Long Blades    | 6 10 11 | 11.7
Throwing       | |  2.0
Dodging        | |  3.2

Action                   |  1- 3 |  4- 6 |  7- 9 | 10-12 || total
-------------------------+-------+-------+-------+-------++-------
Melee: Long sword        |    46 |    99 |   159 |       ||   304
       Headbutt          |     9 |    17 |    62 |    14 ||   102
       Scimitar          |       |       |   113 |    93 ||   206
       Punch             |       |       |       |     1 ||     1
Throw: Stone             |    43 |     1 |    59 |       ||   103
       Throwing net      |     1 |       |       |       ||     1
Invok: Heroism           |       |       |       |     4 ||     4
Evoke: Wand              |       |       |     8 |     2 ||    10
  Use: Scroll            |       |     3 |     5 |     4 ||    12
       Potion            |       |       |     1 |     4 ||     5
 Stab: Sleeping          |       |       |     1 |       ||     1
  Eat: Chunk             |     1 |     4 |    13 |     3 ||    21
       Ration            |       |       |     1 |     2 ||     3
Armor: Leather armour    |     8 |    20 |    15 |       ||    43
       Scale mail        |       |       |    80 |    60 ||   140
Dodge: Dodged            |    32 |    86 |   164 |    73 ||   355
       Rpst.: Long sword |     5 |    19 |    31 |       ||    55
       Scimitar          |       |       |    15 |    14 ||    29
